 Dungeon Crawl Stone Soup version 0.30-a0-859-gf88a04b62d (webtiles) character file.

Game seed: 11217104369682965913

91 Twinkles the Ducker (level 4, 0/23 HPs)
             Began as a Spriggan Reaver on Mar 6, 2023.
             Slain by a gnoll
             ... wielding a +0 club
              (6 damage)
             ... on level 3 of the Dungeon.
             The game lasted 00:07:39 (2450 turns).

Twinkles the Ducker (Spriggan Reaver)               Turns: 2450, Time: 00:07:40

Health: 0/23       AC:  2    Str:  8    XL:     4   Next: 33%
Magic:  10/10      EV: 17    Int: 16    God:
Gold:   162        SH:  0    Dex: 13    Spells: 6/10 levels left

rFire   . . .      SeeInvis +    a - +0 short sword
rCold   . . .      Faith    .    (no shield)
rNeg    . . .      Spirit   .    b - +0 robe
rPois   .          Reflect  .    (helmet restricted)
rElec   .          Rampage  .    (no cloak)
rCorr   .                        (gloves unavailable)
Will    .....                    (boots unavailable)
Stlth   ++                       (no amulet)
HPRegen 0.23/turn                d - ring of wizardry
MPRegen 0.12/turn                (no ring)

@: very quick
A: very small, no large weapons, unfitting armour, see invisible, speed 3
a: no special abilities


You were on level 3 of the Dungeon.
You visited 1 branch of the dungeon, and saw 3 of its levels.

You collected 162 gold pieces.

Inventory:

Hand Weapons
 a - a +0 short sword (weapon)
Missiles
 h - 4 poisoned darts
Armour
 b - a +0 robe (worn)
Jewellery
 d - a ring of wizardry (left hand)
Scrolls
 i - a scroll of identify {unknown}
 j - a scroll of butterflies {unknown}
 m - a scroll of poison {unknown}
Potions
 c - a potion of might {unknown}
 e - 2 potions of curing {unknown}
 f - a potion of ambrosia {unknown}
 g - 2 potions of flight {unknown}
 k - a potion of berserk rage {unknown}
 l - a potion of degeneration {unknown}


   Skills:
 + Level 2.2 Fighting
 - Level 3.5 Short Blades
 + Level 3.6 Dodging
 + Level 1.6 Stealth
 + Level 3.6 Spellcasting
 + Level 2.5 Conjurations


You had 6 spell levels left.
You knew the following spells:

 Your Spells              Type           Power      Damage    Failure   Level
a - Kiss of Death         Conj/Necr      28%        2d7       4%          1
b - Hailstorm             Conj/Ice       7%         3d4       12%         3

Your spell library contained the following spells:

 Spells                   Type           Power      Damage    Failure   Level
 Momentum Strike          Conj/Tloc      14%        3d8       6%          2
 Gell's Gravitas          Tloc           2%         N/A       21%         3
 Teleport Other           Tloc           2%         N/A       21%         3
 Dispersal                Tloc           1%         N/A       100%        6


Dungeon Overview and Level Annotations

Branches:
Dungeon (3/15) Zot: 16348

Altars:
Fedhas
Makhleb


Innate Abilities, Weirdness & Mutations

You are very small and have problems with some larger weapons.
You are too small for most types of armour.
You have supernaturally acute eyesight. (SInv)
You cover ground extremely quickly. (Speed+++)


Message History

The gnoll barely misses you.
Found a stone staircase leading up.
There is a stone staircase leading up here.
You climb upwards.
There is a stone staircase leading down here.
You start resting.
HP restored.
You climb downwards.
The gnoll completely misses you.
There is a stone staircase leading up here.
You hit the gnoll.
The gnoll is moderately wounded.
The gnoll closely misses you.
You hit the gnoll but do no damage.
The gnoll is moderately wounded.
The gnoll hits you with a +0 club.
You hit the gnoll.
The gnoll is heavily wounded.
The gnoll hits you with a +0 club.
You are too injured to fight recklessly!
You are too injured to fight recklessly!
You are too injured to fight recklessly!
You barely miss the gnoll.
The gnoll is heavily wounded.
The gnoll hits you with a +0 club.
You hit the gnoll.
The gnoll is severely wounded.
You hit the gnoll but do no damage.
The gnoll is severely wounded.
The gnoll barely misses you.
You hit the gnoll.
The gnoll is severely wounded.
The gnoll hits you with a +0 club.
You closely miss the gnoll.
The gnoll is severely wounded.
The gnoll hits you with a +0 club.
* * * LOW HITPOINT WARNING * * *
You hit the gnoll but do no damage.
The gnoll is severely wounded.
The gnoll hits you with a +0 club.
You die...

#######........# #..#
#........# #..#
#........# #...
####'#+#.####.._
###.#......#...
..#.###.#.##..#
#.#.....#.....#
####.#######.....#
##.#@g..#######......
#..............###.##
#..................#.
#..............######
#..............##....
#################.###
#.... #####


You could see a gnoll.

Vanquished Creatures
  2 adders (D:2)
  A gnoll (D:3)
  4 dart slugs
  An orc (D:3)
  7 ball pythons
  3 endoplasms
  3 giant cockroaches
  8 goblins
  9 hobgoblins
  A quokka (D:3)
  2 bats
  6 frilled lizards
  2 kobolds
  5 rats
54 creatures vanquished.

Notes
Turn   | Place    | Note
-------+----------+-------------------------------------------
     0 | D:1      | Twinkles the Spriggan Reaver began the quest for the Orb.
     0 | D:1      | Reached XP level 1. HP: 10/10 MP: 5/5
   164 | D:1      | Reached XP level 2. HP: 15/15 MP: 6/6
   528 | D:1      | Reached XP level 3. HP: 18/18 MP: 8/8
   537 | D:1      | Learned a level 3 spell: Hailstorm
  1280 | D:2      | Reached skill level 1 in Stealth
  1748 | D:2      | Reached XP level 4. HP: 23/23 MP: 8/10
  2020 | D:3      | Found a burning altar of Makhleb.
  2184 | D:3      | Found a blossoming altar of Fedhas.
  2353 | D:3      | HP: 4/23 [gnoll/+0 club (9)]
  2449 | D:3      | HP: 6/23 [gnoll/+0 club (3)]
  2450 | D:3      | Slain by a gnoll

Illustrated notes

Levels and vault maps discovered:
D:1:      psy_arrival_fountain, layout_loops_ring, minmay_misc_feat_square
D:2:      layout_basic, minmay_tetromino_l4
D:3:      layout_basic, mainiacjoe_overflow_large_starburst,
          minmay_misc_feat_diagonals

Skill      XL: |  1  2  3 |
---------------+----------+-----
Dodging        | 3 |  3.6
Spellcasting   | 3 |  3.6
Fighting       | 2 |  2.2
Stealth        | 1 |  1.6
Short Blades   | |  3.5
Conjurations   | |  2.5

Action                     |  1- 3 |  4- 6 || total
---------------------------+-------+-------++-------
  Melee: Short sword       |   229 |    50 ||   279
         Punch             |     1 |       ||     1
   Stab: Sleeping          |     4 |     2 ||     6
 Armour: Robe              |    15 |     2 ||    17
  Dodge: Dodged            |   154 |    36 ||   190

Table legend: (Time is in decaauts)
 A = Elapsed time spent in this place.
 B = Non-inter-level travel time spent in this place.
 C = Inter-level travel time spent in this place.
 D = Time resting spent in this place.
 E = Time spent auto-exploring this place.
 F = Levels seen in this place.
 G = Mean time per level.
                   A        B        C        D        E       F      G
               +--------+--------+--------+--------+--------+-----+--------+
         Total |   1650 |   1641 |      9 |    118 |   1065 |   3 |  550.0 |
       Dungeon |   1650 |   1641 |      9 |    118 |   1065 |   3 |  550.0 |
               +--------+--------+--------+--------+--------+-----+--------+

Top non-repeatable levels by time:
     D:2: 707 daAuts
     D:1: 616 daAuts
     D:3: 326 daAuts
